 Dungeon Sprint DCSS version 0.21-a0-278-ga722497 (webtiles) character file.

15 potatolord6000 the Skirmisher (level 2, -2/28 HPs)
             Began as a Hill Orc Fighter on Sept 22, 2017.
             Was a Follower of Beogh.
             Slain by a gnoll sergeant
             ... wielding a +0 trident of freezing
              (4 damage)
             ... in the Dungeon (Sprint VII: "The Pits").
             The game lasted 00:00:30 (142 turns).

potatolord6000 the Skirmisher (Hill Orc Fighter)     Turns: 142, Time: 00:00:31

Health: -2/28      AC:  7    Str: 18    XL:     2   Next: 50%
Magic:  3/3        EV:  7    Int:  8    God:    Beogh [*.....]
Gold:   0          SH:  9    Dex: 10    Spells: 1/1 levels left

rFire    . . .     SeeInvis .   a - +0 war axe
rCold    . . .     Gourm    .   c - +0 shield
rNeg     . . .     Faith    .   b - +0 scale mail
rPois    .         Spirit   .   (no helmet)
rElec    .         Reflect  .   (no cloak)
rCorr    .         Harm     .   (no gloves)
MR       .....     NoTele   +   (no boots)
Stlth    ..........             (no amulet)
HPRegen  0.09/turn              (no ring)
MPRegen  0.08/turn              (no ring)

@: no status effects
A: no striking features
a: Renounce Religion


You were in the Dungeon.
You worshipped Beogh.
Beogh was aware of your devotion.
You were not hungry.

You visited 1 branch

Inventory:

Hand Weapons
 a - a +0 war axe (weapon)
Armour
 b - a +0 scale mail (worn)
 c - a +0 shield (worn)
Scrolls
 k - a scroll of blinking
 m - 3 scrolls of remove curse
 n - 5 scrolls of amnesia
 o - a scroll of summoning
Potions
 d - a potion of might
 g - a potion of heal wounds
 h - a potion of haste
 i - 4 potions of magic
 j - 3 potions of berserk rage
 l - 2 potions of invisibility
Comestibles
 f - 8 bread rations
 p - 40 fruits
 q - 7 meat rations


   Skills:
 + Level 4.5 Fighting
 + Level 4.0 Axes
 + Level 4.0 Armour
 + Level 4.0 Shields
 + Level 2.3 Invocations


You had one spell level left.
You didn't know any spells.

Dungeon Overview and Level Annotations

Branches:
Dungeon (1/1)

Altars:
Ashenzari
Cheibriados
Dithmenos
Elyvilon
Fedhas
Gozag
Hepliaklqana
Kikubaaqudgha
Makhleb
Nemelex Xobeh
Okawaru
Qazlal
Ru
Sif Muna
Trog
Uskayaw
Vehumet
Wu Jian
Xom
Yredelemnul
Zin
The Shining One
Beogh
Jiyva
Lugonu


Message History

You hear a shout! x3
The gnoll hits you from afar with a spear!
A gnoll sergeant comes into view. It is wielding a trident of freezing.
A jackal, a gnoll and an ufetubus come into view.
The jackal barks!
The ufetubus shouts!
The gnoll shouts!
You block the gnoll's attack. The gnoll barely misses you.
You block the gnoll's attack. The gnoll hits you.
The jackal closely misses you.
There is a large open door here.
You slash the gnoll!
The gnoll is heavily wounded.
You hit the gnoll. You miss the jackal. You slash the gnoll!
The jackal bites you but does no damage.
The gnoll hits you from afar with a spear!
The gnoll hits you but does no damage. The gnoll hits you.
The gnoll barely misses you.
The gnoll sergeant hits you from afar with a trident of freezing!
* * * LOW HITPOINT WARNING * * *
The gnoll sergeant freezes you.
You die...

#.?(.')))'.##......#..
##########.##.........
#...........'.........
#+#####)#####......#..
#..#...'.##.........
#..#...#.#####'#####
#.o#####.##.......#
#hgh...#.##.......#
#hg@...).##.......#
#.g########...<...#


#gg #.......# #5g #.......# ### #.......# ######### You could see a gnoll
sergeant, 5 gnolls, an orc, an ufetubus and 3 jackals.

Vanquished Creatures
  An adder (D)
  An orc (D)
  2 goblins (D)
  A giant cockroach zombie (D)
5 creatures vanquished.

Notes
Turn   | Place    | Note
-------+----------+-------------------------------------------
     0 | D        | potatolord6000 the Hill Orc Fighter began the quest for the Orb.
     0 | D        | Reached XP level 1. HP: 19/19 MP: 1/1
    52 | D        | Found a bloodstained altar of Trog.
    52 | D        | Found a deep blue altar of Sif Muna.
    52 | D        | Found a viscous altar of Jiyva.
    52 | D        | Found a hazy altar of Hepliaklqana.
    52 | D        | Found an opulent altar of Gozag.
    53 | D        | Found a glowing golden altar of the Shining One.
    53 | D        | Found a glowing silver altar of Zin.
    53 | D        | Found a basalt altar of Yredelemnul.
    53 | D        | Found a shimmering altar of Xom.
    53 | D        | Found an ornate altar of the Wu Jian Council.
    53 | D        | Found a sacrificial altar of Ru.
    53 | D        | Found a stormy altar of Qazlal.
    53 | D        | Found an iron altar of Okawaru.
    53 | D        | Found a sparkling altar of Nemelex Xobeh.
    53 | D        | Found a burning altar of Makhleb.
    53 | D        | Found a blossoming altar of Fedhas.
    53 | D        | Found a white marble altar of Elyvilon.
    53 | D        | Found a shadowy altar of Dithmenos.
    53 | D        | Found a snail-covered altar of Cheibriados.
    55 | D        | Found a radiant altar of Vehumet.
    55 | D        | Found a corrupted altar of Lugonu.
    55 | D        | Found a roughly hewn altar of Beogh.
    57 | D        | Found an ancient bone altar of Kikubaaqudgha.
    57 | D        | Found a hide-covered altar of Uskayaw.
    57 | D        | Found a shattered altar of Ashenzari.
    65 | D        | Became a worshipper of Beogh the Brigand
    95 | D        | Reached XP level 2. HP: 26/28 MP: 1/3
   133 | D        | Reached * piety under Beogh
   141 | D        | Noticed a gnoll sergeant
   142 | D        | Slain by a gnoll sergeant

Vault maps used:
D:        pitsprint

Skill      XL: |  1  2 |
---------------+-------+-----
Axes           | 3 4 |  4.0
Fighting       | 4 |  4.5
Shields        | 4 |  4.0
Invocations    | 2 |  2.3
Armour         | 4 |  4.0

Action                   || total
-------------------------++-------
Melee: War axe           ||    26
  Use: Potion            ||     1
Armor: Scale mail        ||    11
Dodge: Dodged            ||    12
Block: Shield            ||    13

Table legend:
 A = Spawn XP
 B = Non-spawn XP
 C = Spawn XP percentage of total XP
 D = Spawn monster count
 E = Non-spawn monster count
 F = Spawn count percentage of total count
 G = Total turns spent on level
                    A         B        C        D         E        F      G
               +---------+---------+-------+---------+---------+-------+---------
         Total |       0 |      22 |   0.0 |       0 |       5 |   0.0 |   142
               +---------+---------+-------+---------+---------+-------+---------
             D |       0 |      22 |   0.0 |       0 |       5 |   0.0 |   142
               +---------+---------+-------+---------+---------+-------+---------
